 Dungeon Crawl Stone Soup version 0.19.1-1-g22dce08 (webtiles) character file.

431 JeffiDaFish the Cudgeler (level 6, -15/39 HPs)
             Began as a Gargoyle Fighter on Jan 2, 2017.
             Demolished by an ogre
             ... wielding a +0 giant spiked club
              (22 damage)
             ... on level 4 of the Dungeon.
             The game lasted 00:05:22 (2894 turns).

JeffiDaFish the Cudgeler (Gargoyle Fighter)         Turns: 2894, Time: 00:05:23

Health: -15/39     AC: 14    Str: 23    XL:     6   Next: 99%
Magic:  6/6        EV:  8    Int:  8    God:
Gold:   130        SH: 10    Dex: 11    Spells: 0 memorised, 5 levels left

rFire  . . .     SeeInvis .     a - +0 flail
rCold  . . .     Gourm    .     b - +0 scale mail
rNeg   + . .     Faith    .     c - +0 shield
rPois  ∞         Spirit   .     h - +0 helmet
rElec  +         Reflect  .     p - +0 cloak
rCorr  +         Harm     .     (no gloves)
MR     .....                    (no boots)
Stlth  ..........               (no amulet)
                                m - ring of resist corrosion
                                l - +3 ring of strength

@: no status effects
A: negative energy resistance 1, electricity resistance, unbreathing,
petrification resistance, rot immunity, AC +4
a: no special abilities


You were on level 4 of the Dungeon.
You were not hungry.

You visited 1 branch of the dungeon, and saw 4 of its levels.

You collected 130 gold pieces.

Inventory:

Hand Weapons
 a - a +0 flail (weapon)
Armour
 b - a +0 scale mail (worn)
 c - a +0 shield (worn)
 h - a +0 helmet (worn)
 p - a +0 cloak (worn)
Jewellery
 l - a +3 ring of strength (left hand)
 m - a ring of resist corrosion (right hand)
Scrolls
 k - a scroll of teleportation
 n - 2 scrolls of remove curse
 s - a scroll of identify
Potions
 d - a potion of might
 e - a potion of curing
 i - a potion of flight
 o - a potion of berserk rage
 r - a potion of cure mutation
Comestibles
 f - 2 bread rations
 g - 2 meat rations
 j - 2 beef jerkies


   Skills:
 + Level 4.4 Fighting
 + Level 4.8 Maces & Flails
 + Level 4.4 Armour
 + Level 1.0 Dodging
 + Level 1.2 Stealth
 + Level 4.6 Shields


You had 5 spell levels left.
You didn't know any spells.

Dungeon Overview and Level Annotations

Branches:
Dungeon (4/15)
 Temple: D:4-7

Altars:
Ashenzari
Kikubaaqudgha
Nemelex Xobeh
Xom


Innate Abilities, Weirdness & Mutations

You are resistant to torment.
Your stone body is resilient. (AC +4)
You are immune to poison.
You resist negative energy. (rN+)
You are resistant to electric shocks. (rElec)
You can survive without breathing.
You are immune to petrification.
You are immune to rotting.


Message History

The iguana bites you but does no damage.
You block the ogre's attack.
You hit the iguana but do no damage.
The iguana is almost dead.
The iguana barely misses you. You block the ogre's attack.
The iguana closely misses you.
You sock the iguana!
You kill the iguana!
You block the ogre's attack.
Your shield and scale mail prevent you from hitting the ogre.
The ogre closely misses you. The ogre barely misses you.
You hit the ogre but do no damage. The ogre barely misses you.
Your scale mail prevents you from hitting the ogre.
The ogre hits you with a giant spiked club!
* * * LOW HITPOINT WARNING * * *
You bludgeon the ogre!!
The ogre is severely wounded.
The ogre hits you with a giant spiked club!!
Ouch! That really hurt!
You die...

......< .......
....... .......
....... ..!....
#####.......
#.@Or.......
......O##o.......
......o..............
......$.............#
..........>.........#
..>....##...........#
#######
##.........####
#.....o...≈≈≈
####)...≈≈l.


You could see 2 ogres, an orc wizard, an orc and a quokka.

Vanquished Creatures
  An ogre (D:3)
  The ghost of VictoriousLee the Conjurer, an amateur DsCj (D:3)
  A killer bee (D:3)
  An orc wizard (D:3)
  Crazy Yiuf (D:2)
  An iguana (D:4)
  A worker ant (D:3)
  4 adders
  3 gnolls (D:2)
  An ooze (D:1)
  A dart slug (D:3)
  2 leopard geckos
  An orc (D:3)
  2 bat zombies (D:3)
  A giant cockroach (D:3)
  3 goblins (D:2)
  9 hobgoblins
  2 jackals (D:4)
  A quokka (D:2)
  5 bats
  4 frilled lizards
  4 kobolds (D:2)
  4 rats
  3 rat zombies (D:3)
57 creatures vanquished.

Vanquished Creatures (others)
  2 ball pythons (D:4)
2 creatures vanquished.

Grand Total: 59 creatures vanquished

Notes
Turn   | Place    | Note
-------+----------+-------------------------------------------
     0 | D:1      | JeffiDaFish the Gargoyle Fighter began the quest for the Orb.
     0 | D:1      | Reached XP level 1. HP: 14/14 MP: 1/1
   138 | D:1      | Reached XP level 2. HP: 19/19 MP: 2/2
  1010 | D:2      | Found a faded altar of an unknown god.
  1010 | D:2      | Found a shattered altar of Ashenzari.
  1018 | D:2      | Reached XP level 3. HP: 22/23 MP: 3/3
  1019 | D:2      | Found a faded altar of an unknown god.
  1023 | D:2      | Found a faded altar of an unknown god.
  1026 | D:2      | Found a faded altar of an unknown god.
  1227 | D:2      | Found a shimmering altar of Xom.
  1263 | D:2      | Found a runed door.
  1267 | D:2      | Noticed Crazy Yiuf
  1272 | D:2      | Killed Crazy Yiuf
  1272 | D:2      | Reached XP level 4. HP: 24/29 MP: 4/4
  1732 | D:3      | Found a sparkling altar of Nemelex Xobeh.
  1795 | D:3      | Reached XP level 5. HP: 33/33 MP: 5/5
  1807 | D:3      | Found an ancient bone altar of Kikubaaqudgha.
  2339 | D:3      | Noticed an ogre
  2346 | D:3      | Killed an ogre
  2346 | D:3      | Reached skill level 1 in Dodging
  2346 | D:3      | Reached skill level 1 in Stealth
  2346 | D:3      | Reached XP level 6. HP: 35/38 MP: 6/6
  2361 | D:3      | Noticed VictoriousLee's ghost (amateur DsCj)
  2366 | D:3      | Killed VictoriousLee's ghost
  2894 | D:4      | Demolished by an ogre

Skill      XL: |  1  2  3  4  5 |
---------------+----------------+-----
Shields        | 4 |  4.6
Armour         | 4 |  4.4
Maces & Flails | 3 4 |  4.8
Fighting       | 4 |  4.4
Dodging        | 1 |  1.0
Stealth        | 1 |  1.2

Action                   |  1- 3 |  4- 6 || total
-------------------------+-------+-------++-------
Melee: Flail             |    82 |   151 ||   233
  Use: Potion            |     4 |     3 ||     7
       Scroll            |     4 |     3 ||     7
  Eat: Chunk             |     1 |     6 ||     7
Armor: Scale mail        |    39 |    81 ||   120
Dodge: Dodged            |    32 |    56 ||    88
Block: Shield            |    48 |   100 ||   148
